 Dungeon Sprint DCSS version 0.30-a0-42-g806c11bf1d (webtiles) character file.

Game seed: 7530857088630860115

3179 ytrimaz the Peltast (level 10, -2/83 HPs)
             Began as a Formicid Fighter on Aug 30, 2022.
             Was a Priest of Jiyva.
             Slain by a +2 glaive of venom (13 damage)
             ... in the Dungeon (Sprint V: "Ziggurat Sprint").
             The game lasted 00:03:23 (254 turns).

ytrimaz the Peltast (Formicid Fighter)               Turns: 254, Time: 00:03:24

Health: -2/83      AC: 29    Str: 31    XL:     10   Next: 16%
Magic:  19/19      EV:  3    Int: 14    God:    Jiyva [***...]
Gold:   0          SH: 41    Dex: 13    Spells: 9/9 levels left

rFire   + . .      SeeInvis +    j - +5 executioner's axe
rCold   + . .      Faith    .    D - +18 shield of the Gong {rElec rN+ Will+ EV-5}
rNeg    + . .      Spirit   .    C - +15 Maxwell's patent armour {-Cast -Tele rElec Will+ rCorr}
rPois   .          Reflect  .    (helmet unavailable)
rElec   +          Harm     .    (no cloak)
rCorr   +          Rampage  .    (no gloves)
Will    +++..      NoCast   +    (no boots)
Stlth   ..........               (no amulet)
HPRegen 1.35/turn                z - +6 ring of strength
MPRegen 0.51/turn                E - ring "Luloreaz" {rF+ rC+ MP+9 Int+6}

@: mighty, lethally poisoned (-2 -> -9), invisible
A: permanent stasis, dig shafts and tunnels, antennae 3, four strong arms, large
bone plates 3, jelly absorbing missiles
a: Dig, Renounce Religion, Oozemancy


You were in the Dungeon.
You worshipped Jiyva.
Jiyva was most pleased with you.
You visited 1 branch

Inventory:

Hand Weapons
 a - a +0 war axe
 j - a +5 executioner's axe (weapon)
 B - the +10 dark maul {vorpal}
   (You found it in the Dungeon)

   It inflicts extra damage upon your enemies.
Armour
 b - a +0 scale mail
 c - a +0 buckler
 h - +5 gold dragon scales
 i - a +3 tower shield
 C - the +15 Maxwell's patent armour (worn) {-Cast -Tele rElec Will+ rCorr}
   (You found it in the Dungeon)

   rElec:     It insulates you from electricity.
   -Cast:     It prevents spellcasting.
   -Tele:     It prevents most forms of teleportation.
   rCorr:     It protects you from acid and corrosion.
   Will:      It increases your willpower.
 D - the +18 shield of the Gong (worn) {rElec rN+ Will+ EV-5}
   (You found it in the Dungeon)

   It is deafeningly noisy when blocking attacks.
   EV:        It affects your evasion (-5).
   rElec:     It insulates you from electricity.
   rN:        It protects you from negative energy.
   Will:      It increases your willpower.
Jewellery
 r - a +6 ring of dexterity
 u - a ring of flight
 v - a +6 ring of dexterity
 w - a +6 ring of dexterity
 x - a +6 ring of intelligence
 y - a +6 ring of intelligence
 z - a +6 ring of strength (left hand)
 A - a +6 ring of strength
 E - the ring "Luloreaz" (right hand) {rF+ rC+ MP+9 Int+6}
   (You found it in the Dungeon)

   [ring of magical power]

   Int:       It affects your intelligence (+6).
   rF:        It protects you from fire.
   rC:        It protects you from cold.
   MP:        It affects your magic capacity (+9).
 F - the ring "Jedop" {Ice Dex+6}
   (You found it in the Dungeon)

   [ring of ice]

   It enhances your ice magic.
   Dex:       It affects your dexterity (+6).
   rF:        It makes you vulnerable to fire.
   rC:        It protects you from cold.
Wands
 s - a wand of mindburst (7)
 t - a wand of acid (7)
Scrolls
 k - 4 scrolls of amnesia
 l - 8 scrolls of butterflies
 m - 5 scrolls of identify
 n - 2 scrolls of fear
Potions
 d - 4 potions of might
 e - 9 potions of curing
 f - 6 potions of heal wounds
 g - 7 potions of magic
 o - 2 potions of brilliance
 p - a potion of invisibility
 q - 4 potions of resistance


   Skills:
 + Level 9.2 Fighting
 + Level 12.3 Axes
 + Level 9.7 Armour
 + Level 1.0 Dodging
 + Level 2.1 Stealth
 + Level 19.7 Shields


You had 9 spell levels left.
You didn't know any spells.
Your spell library contained the following spells:

 Spells                   Type           Power      Damage    Failure   Level
 Blade Hands              Tmut           0%         N/A       100%        5
 Fireball                 Conj/Fire      0%         3d3       100%        5
 Irradiate                Conj/Tmut      0%         3d11      100%        5
 Iskenderun's Battlesphe  Conj           0%         2d6       100%        5
 Conjure Ball Lightning   Conj/Air       0%         3x3d6     100%        6
 Dragon Form              Tmut           0%         N/A       100%        7
 Orb of Destruction       Conj           0%         9d5       100%        7


Dungeon Overview and Level Annotations

Branches:
Dungeon (1/1)

Altars:
Ashenzari
Cheibriados
Dithmenos
Elyvilon
Fedhas
Gozag
Hepliaklqana
Kikubaaqudgha
Makhleb
Nemelex Xobeh
Okawaru
Qazlal
Ru
Sif Muna
Trog
Uskayaw
Vehumet
Wu Jian
Xom
Yredelemnul
Zin
The Shining One
Jiyva
Lugonu

Annotations:
D 1 transporter


Innate Abilities, Weirdness & Mutations

You cannot be hasted, slowed, berserked, paralysed or teleported.
You can dig through walls and to a lower floor.
You have a pair of large antennae on your head. (SInv)
Your four strong arms can wield two-handed weapons with a shield.
You are completely covered in large bone plates. (SH +8)
You have a small jelly attached to you that may absorb projectiles.


Message History

The orange demon dies!
The orange demon disappears in a puff of smoke!
The +2 glaive of venom hits you but does no damage.
You are more poisoned.
Unknown command.
Unknown command.
You slash the orc sorcerer!
The orc sorcerer is heavily wounded.
You catch the helpless deep elf pyromancer completely off-guard!
You open the deep elf pyromancer like a pillowcase!!!
You kill the deep elf pyromancer!
You closely miss the +2 glaive of venom.
You feel very sick. You block the orc sorcerer's attack.
BOUMMMMG!
The deep elf knight shoots an arrow.
The arrow hits you.
* * * LOW HITPOINT WARNING * * *
The +2 glaive of venom hits you but does no damage.
You are more poisoned.
Your Axes skill increases to level 12!
Your Dodging skill increases to level 1!
Your Stealth skill increases to level 2!
Unknown command.
Okay, then.
Unknown command.
You slash the orc sorcerer!
The orc sorcerer is almost dead.
You slash the +2 glaive of venom!
* * * LOW HITPOINT WARNING * * *
You feel extremely sick.
The orc sorcerer shouts, "You can't withstand my power!"
You block the orc sorcerer's attack.
BOUMMMMG!
The +2 glaive of venom hits you but does no damage.
The deep elf knight shoots an arrow.
GONNNNG!
You block the arrow.
The orc sorcerer gestures at you while chanting.
You resist with almost no effort. The +2 glaive of venom hits you!
You die...

▓▓▓▓▓▓▓▓▓▓▓▓▓▓▓▓▓▓▓
▓...8©8...▓..8©8..▓
▓..=|))...▓...)}..▓
▓...||=...▓..}})..▓
▓.....e...▓.......▓
▓.........▓.......▓
▓.........▓.......▓
▓...(§....▓.......▓
▓.▓.o@).▓.▓.▓...▓.▓
▓....©....▓...©...▓
▓▓▓▓▓▓▓▓▓▓▓▓▓▓▓▓▓▓▓
▓..8©8..▓


{{{{{ ▓..})...▓ {{{ ▓..).}..▓ ▓.......▓ ▓.).....▓ ▓.†.....▓ You could see a deep
elf knight (invisible, unable to see you), an orc sorcerer and a +2 glaive of
venom (unable to see you).

Vanquished Creatures
  A deep elf pyromancer (D)
  A harpy (shapeshifter) (D)
  3 merfolk (D)
  A wind drake (D)
  4 air elementals (D)
  A chaos spawn (D)
  A naga (D)
  A hell hound (D)
  2 centaurs (D)
  A small abomination (D)
  3 iron imps (D)
  An adder (D)
  A shadow imp (D)
  A white imp (D)
  2 ufetubi (D)
  3 ball pythons (D)
  A bat skeleton (D)
28 creatures vanquished.

Vanquished Creatures (others)
  A dancing weapon (D)
  A water elemental (D)
2 creatures vanquished.

Grand Total: 30 creatures vanquished

Notes
Turn   | Place    | Note
-------+----------+-------------------------------------------
     0 | D        | ytrimaz the Formicid Fighter began the quest for the Orb.
     0 | D        | Reached XP level 1. HP: 18/18 MP: 1/1
     3 | D        | Found a blossoming altar of Fedhas.
     3 | D        | Found the +6 Majin-Bo {vamp, MP+6 Int+6}
     3 | D        | Found the +9 heavy crossbow "Sniper" {vorpal, Acc+∞ SInv}
     3 | D        | Found the +10 dark maul {vorpal}
     3 | D        | Found the +15 Maxwell's patent armour {-Cast -Tele rElec
                  | Will+ rCorr}
     3 | D        | Found the +18 shield of the Gong {rElec rN+ Will+ EV-5}
     3 | D        | Found the +14 obsidian axe {vorpal, Mesm Drain Fly SInv}
     3 | D        | Found the +7 great mace "Firestarter" {inner flame, rF++}
     3 | D        | Found the +6 shillelagh "Devastator" {shatter}
     3 | D        | Found the +11 plutonium sword {Contam Stlth-}
     3 | D        | Found the +8 lance "Wyrmbane" {slay drac, rPois rF+ rC+
                  | AC+3}
     3 | D        | Found the +9 sword of Zonguldrok {reap}
     3 | D        | Found the +13 scythe of Curses {drain, Drain}
     3 | D        | Found the +5 sword of Power {vorpal}
     3 | D        | Found the +7 mace of Variability {chain chaos}
     3 | D        | Found the +7 Singing Sword {vorpal, sonic wave}
     3 | D        | Found the +8 storm bow {elec, penet}
     5 | D        | Found a viscous altar of Jiyva.
     5 | D        | Found a hazy altar of Hepliaklqana.
     5 | D        | Found a transporter.
     5 | D        | Found an opulent altar of Gozag.
     5 | D        | Found an ancient bone altar of Kikubaaqudgha.
     5 | D        | Found a corrupted altar of Lugonu.
    14 | D        | Banished a spatial maelstrom
    15 | D        | Found a burning altar of Makhleb.
    18 | D        | Found a sacrificial altar of Ru.
    18 | D        | Found a stormy altar of Qazlal.
    18 | D        | Found a shimmering blue altar of Sif Muna.
    18 | D        | Found an iron altar of Okawaru.
    18 | D        | Found a bloodstained altar of Trog.
    18 | D        | Found a sparkling altar of Nemelex Xobeh.
    90 | D        | Became a worshipper of Jiyva Jalufrau the Shapeless
    94 | D        | Entered arena 2.
    94 | D        | Noticed an iron imp
    94 | D        | Found a transporter.
   100 | D        | Reached XP level 2. HP: 22/25 MP: 2/2
   101 | D        | Reached skill level 5 in Armour
   101 | D        | Reached skill level 6 in Shields
   101 | D        | Reached XP level 3. HP: 28/32 MP: 3/3
   107 | D        | Reached skill level 13 in Shields
   107 | D        | Reached XP level 4. HP: 34/38 MP: 4/4
   109 | D        | Entered arena 3.
   109 | D        | Noticed a hell hound
   109 | D        | Found a transporter.
   113 | D        | Reached skill level 5 in Fighting
   121 | D        | Killed a hell hound
   122 | D        | Reached skill level 14 in Shields
   122 | D        | Reached XP level 5. HP: 40/46 MP: 5/5
   129 | D        | Entered arena 4.
   129 | D        | Noticed a golden eye
   129 | D        | Noticed a slime creature
   129 | D        | Found a transporter.
   129 | D        | Reached * piety under Jiyva
   138 | D        | Entered arena 5.
   138 | D        | Noticed an air elemental
   138 | D        | Noticed an air elemental
   138 | D        | Noticed an air elemental
   138 | D        | Noticed an air elemental
   138 | D        | Found a transporter.
   144 | D        | Killed an air elemental
   145 | D        | Reached skill level 15 in Shields
   145 | D        | Reached XP level 6. HP: 15/53 MP: 6/6
   145 | D        | Killed an air elemental
   146 | D        | Reached skill level 16 in Shields
   146 | D        | Reached XP level 7. HP: 8/59 MP: 7/7
   149 | D        | Killed an air elemental
   150 | D        | Reached skill level 5 in Axes
   151 | D        | Killed an air elemental
   152 | D        | Reached skill level 17 in Shields
   152 | D        | Reached XP level 8. HP: 33/67 MP: 8/8
   160 | D        | Entered arena 6.
   160 | D        | Found a transporter.
   172 | D        | Got the ring "Luloreaz" {rF+ rC+ MP+9 Int+6}
   179 | D        | Entered arena 7.
   179 | D        | Reached ** piety under Jiyva
   180 | D        | Found a transporter.
   199 | D        | Entered arena 8.
   199 | D        | Noticed a wind drake
   199 | D        | Noticed a merfolk
   199 | D        | Noticed a merfolk
   199 | D        | Noticed a merfolk
   200 | D        | Found a transporter.
   209 | D        | Reached skill level 18 in Shields
   211 | D        | Killed a wind drake
   212 | D        | Reached XP level 9. HP: 67/74 MP: 9/9
   214 | D        | Killed a merfolk
   215 | D        | Killed a merfolk
   216 | D        | Reached skill level 10 in Axes
   226 | D        | Killed a merfolk
   230 | D        | Got the ring "Jedop" {Ice Dex+6}
   240 | D        | Entered arena 9.
   240 | D        | Noticed a +2 vorpal battleaxe
   240 | D        | Noticed a harpy
   240 | D        | Noticed a deep elf pyromancer
   240 | D        | Noticed an orc sorcerer
   240 | D        | Noticed a deep elf knight
   240 | D        | Noticed a +2 glaive of venom
   240 | D        | Reached *** piety under Jiyva
   240 | D        | Gained mutation: You are partially covered in large bone
                  | plates. (SH +4) [Jiyva's grace]
   240 | D        | Gained mutation: You are mostly covered in large bone
                  | plates. (SH +6) [Jiyva's grace]
   240 | D        | Gained mutation: You are completely covered in large bone
                  | plates. (SH +8) [Jiyva's grace]
   240 | D        | Gained mutation: You have a small jelly attached to you
                  | that may absorb projectiles. [Jiyva's grace]
   242 | D        | Found a transporter.
   246 | D        | Killed a +2 vorpal battleaxe
   247 | D        | Reached skill level 1 in Stealth
   247 | D        | Reached skill level 19 in Shields
   248 | D        | Killed a harpy
   249 | D        | Reached XP level 10. HP: 13/83 MP: 10/10
   251 | D        | Noticed an orange demon
   253 | D        | Killed a deep elf pyromancer
   254 | D        | Reached skill level 1 in Dodging
   254 | D        | Slain by a +2 glaive of venom

Illustrated notes

Levels and vault maps discovered:
D:        sprint_v [room_start, room_1, room_2, room_3, room_4, room_5, room_6,
          room_7, room_8, room_9, room_10, room_11, room_12, room_13, room_14,
          room_15, room_16, room_17, room_18, room_19, room_20, room_21,
          room_22, room_23, room_24, room_25, room_26, room_27]

Skill      XL: |  1  2  3  4  5  6  7  8  9 10 |
---------------+-------------------------------+-----
Fighting       | 4 5 6 7 8 9 |  9.2
Armour         | 4 5 6 7 8 9 |  9.7
Shields        | 6 13 14 15 16 17 18 19 | 19.7
Axes           | 3 4 6 9 11 12 | 12.3
Stealth        | 1 2 |  2.1
Dodging        | 1 |  1.0

Action                   |  1- 3 |  4- 6 |  7- 9 | 10-12 || total
-------------------------+-------+-------+-------+-------++-------
Melee: War axe           |     5 |    11 |       |       ||    16
       Executioner's axe |       |     4 |    42 |     4 ||    50
  Use: Potion            |     1 |     2 |     4 |     2 ||     9
 Stab: Invisible         |       |       |     1 |     1 ||     2
Armor: Plate armour      |     2 |    42 |    55 |     7 ||   106
Dodge: Dodged            |       |     4 |     6 |       ||    10
Block: Kite shield       |     8 |    51 |   112 |    13 ||   184

Table legend: (Time is in decaauts)
 A = Elapsed time spent in this place.
 B = Non-inter-level travel time spent in this place.
 C = Inter-level travel time spent in this place.
 D = Time resting spent in this place.
 E = Time spent auto-exploring this place.
 F = Levels seen in this place.
 G = Mean time per level.
                   A        B        C        D        E       F      G
               +--------+--------+--------+--------+--------+-----+--------+
         Total |    285 |    285 |      0 |      0 |      0 |   1 |  285.0 |
       Dungeon |    285 |    285 |      0 |      0 |      0 |   1 |  285.0 |
               +--------+--------+--------+--------+--------+-----+--------+

Top non-repeatable levels by time:
       D: 285 daAuts
